AoeStats
← simbirbey

Arena

509433133Analyzed
4v4 RM · 5d ago on Sep 26, 2026· 49m 7s· 8 players
Game mode
Random Map
Map size
Large (8 player)
Population
200
Speed
Normal
Resources
Standard
Victory
Conquest
Starting age
Dark Age
Ending age
Imperial Age
RankedLock teamsTeams togetherTeam positionsShared explorationLock speedFull tech treeHidden civsTurbo modeCheats
Victory
Defeat
🇹🇷 Vietnamese · Türkiye
952
+14
🇹🇷 Slavs · Türkiye
906
+16
🇲🇾 Koreans · Malaysia
872
+17
🇹🇷 Byzantines · Türkiye
812
+19
🇲🇽 Khmer · Mexico
985
-20
🇺🇸 Britons · United States
970
-20
🇺🇸 Portuguese · United States
835
-14
🇩🇪 Malians · Germany
795
-12
caglacula
2:49 Loom
12:57 Feudal Age
18:54 Castle Age
18:23 Double-Bit Axe
18:20 Horse Collar
20:09 Fletching
23:25 Bow Saw
23:24 Heavy Plow
26:12 Gold Mining
32:30 Imperial Age
30:42 Gold Shaft Mining
30:01 Stone Mining
30:24 Forging
32:21 Ballistics
32:38 Iron Casting
32:39 Elite Boyar
34:26 Blast Furnace
34:31 Chemistry
34:51 Two-Man Saw
34:31 Crop Rotation
34:07 Scale Mail Armor
34:14 Scale Barding Armor
35:43 Conscription
35:59 Druzhina
39:32 Elite Skirmisher
40:53 Chain Mail Armor
40:59 Chain Barding Armor
41:20 Wheelbarrow
40:31 Town Watch
42:48 Plate Mail Armor
42:54 Plate Barding Armor
42:25 Imperial Skirmisher
45:28 Bodkin Arrow
45:34 Padded Archer Armor
大大只
2:38 Loom
9:39 Feudal Age
17:57 Castle Age
16:43 Double-Bit Axe
16:41 Horse Collar
21:05 Wheelbarrow
24:47 Wheelbarrow
31:58 Imperial Age
29:44 Hand Cart
29:15 Town Watch
30:28 Bow Saw
30:21 Heavy Plow
30:24 Scale Mail Armor
30:35 Forging
32:35 Chain Mail Armor
32:55 Iron Casting
31:43 Pikeman
32:23 Squires
32:08 Arson
32:42 Murder Holes
33:27 Town Patrol
34:31 Chemistry
34:41 Plate Mail Armor
34:20 Halberdier
38:11 Fletching
38:40 Masonry
38:10 Treadmill Crane
38:22 Elite Skirmisher
41:40 Imperial Skirmisher
43:00 Caravan
44:20 Coinage
43:58 Arrowslits
45:39 Two-Man Saw
Jeladam
12:17 Feudal Age
13:40 Double-Bit Axe
16:56 Castle Age
15:27 Horse Collar
15:38 Gold Mining
16:29 Stone Mining
18:26 Bow Saw
18:38 Heavy Plow
25:40 Stone Shaft Mining
24:58 Loom
26:32 Wheelbarrow
25:43 Town Watch
30:08 Imperial Age
28:28 Hand Cart
28:14 Town Patrol
29:10 Scale Barding Armor
29:16 Forging
31:13 Chain Barding Armor
31:58 Iron Casting
31:39 Bloodlines
31:29 Husbandry
32:04 Crop Rotation
32:34 Plate Barding Armor
31:51 Fletching
32:26 Thumb Ring
32:44 Ballistics
32:36 Masonry
33:43 Chemistry
34:45 Two-Man Saw
33:18 Elite Battle Elephant
34:53 Bodkin Arrow
35:49 Bracer
36:14 Paper Money
36:24 Padded Archer Armor
36:11 Treadmill Crane
36:45 Chatras
37:21 Hoardings
38:02 Leather Archer Armor
38:48 Coinage
38:19 Caravan
38:31 Guilds
42:26 Banking
simbirbey
7:52 Loom
13:22 Feudal Age
19:55 Castle Age
18:43 Double-Bit Axe
19:35 Horse Collar
21:05 Bow Saw
24:06 Stone Mining
24:32 Forging
24:29 Scale Barding Armor
24:27 Heavy Plow
25:31 Stone Shaft Mining
24:51 Gold Mining
26:30 Gold Shaft Mining
26:44 Husbandry
28:48 Light Cavalry
30:06 Iron Casting
29:52 Chain Barding Armor
31:56 Treadmill Crane
34:48 Imperial Age
32:57 Wheelbarrow
32:46 Scale Mail Armor
35:12 Hussar
37:20 Hand Cart
38:38 Chain Mail Armor
41:38 Plate Barding Armor
41:34 Plate Mail Armor
42:14 Squires
42:40 Conscription
44:07 Two-Man Saw
43:41 Crop Rotation
44:53 Ballistics
47:39 Cavalier
David Ygra
3:18 Loom
3:35 Loom
11:35 Feudal Age
12:26 Double-Bit Axe
12:23 Horse Collar
14:00 Wheelbarrow
16:53 Town Watch
20:27 Castle Age
20:10 Stone Mining
21:19 Bow Saw
21:48 Stone Shaft Mining
21:23 Pikeman
22:33 Gold Mining
24:39 Squires
34:34 Imperial Age
34:35 Gold Shaft Mining
34:07 Heavy Plow
34:46 Fervor
34:48 Redemption
35:42 Conscription
34:52 Capped Ram
36:54 Tigui
39:50 Hand Cart
40:12 Elite Gbeto
46:29 Crop Rotation
47:05 Hoardings
48:54 Scale Mail Armor
49:05 Forging
48:46 Fletching
48:56 Padded Archer Armor
49:02 Scale Barding Armor
shabolobodingdong
10:25 Feudal Age
16:38 Castle Age
15:43 Double-Bit Axe
15:42 Horse Collar
16:19 Stone Mining
25:38 Elite Skirmisher
26:47 Padded Archer Armor
26:45 Gold Mining
31:21 Imperial Age
29:49 Wheelbarrow
29:49 Fletching
30:43 Gold Shaft Mining
30:22 Bow Saw
30:17 Heavy Plow
30:40 Ballistics
30:51 Bodkin Arrow
31:44 Hand Cart
31:58 Leather Archer Armor
33:16 Bracer
34:19 Chemistry
33:22 Loom
34:59 Two-Man Saw
34:43 Conscription
35:18 Ring Archer Armor
35:12 Murder Holes
35:47 Yeomen
35:34 Pikeman
36:00 Gambesons
36:53 Halberdier
47:48 Onager
gaaraofbenton10
0:51 Loom
12:08 Feudal Age
15:07 Wheelbarrow
14:24 Horse Collar
15:03 Double-Bit Axe
23:03 Castle Age
24:25 Stone Mining
26:47 Bow Saw
26:39 Heavy Plow
26:14 Light Cavalry
27:05 Bloodlines
26:56 Husbandry
28:29 Gold Mining
29:14 Stone Shaft Mining
33:29 Imperial Age
34:38 Conscription
34:46 Siege Engineers
36:51 Hand Cart
36:57 Treadmill Crane
37:32 Caravan
40:18 Two-Man Saw
41:10 Forging
41:02 Scale Mail Armor
40:36 Pikeman
41:06 Halberdier
44:08 Iron Casting
43:51 Chain Mail Armor
flying ñonga
5:42 Loom
11:13 Feudal Age
15:59 Castle Age
14:11 Double-Bit Axe
20:16 Town Watch
27:48 Wheelbarrow
31:53 Imperial Age
31:47 Hand Cart
32:16 Gold Mining
32:45 Bow Saw
32:57 Horse Collar
34:23 Ballistics
34:51 Double Crossbow
35:54 Heavy Scorpion
38:18 Chemistry
38:21 Town Patrol
38:36 Siege Engineers
39:45 Conscription
41:43 Bloodlines
41:33 Husbandry
41:56 Forging
41:51 Scale Barding Armor
42:03 Capped Ram
43:17 Light Cavalry
44:24 Siege Ram
46:47 Iron Casting
46:33 Chain Barding Armor
46:21 Fletching
Connection lost

Rejoining the realm…

Still unreachable

The connection could not be restored.

Session expired

The server has moved on; the page needs a fresh start.